 Dungeon Crawl Stone Soup version 0.25.1-2-g60ff931df9 (webtiles) character file.

Game seed: 840156997506200307

4210 miket3c the Cleaver (level 10, -3/88 HPs)
             Began as a Minotaur Berserker on Oct 3, 2020.
             Was a High Priest of Trog.
             Splashed by Pikel's acid (17 damage)
             ... on level 8 of the Dungeon.
             The game lasted 00:23:07 (8663 turns).

miket3c the Cleaver (Minotaur Berserker)            Turns: 8663, Time: 00:23:09

Health: -3/88      AC:  3    Str: 26    XL:     10   Next: 8%
Magic:  9/9        EV:  8    Int:  4    God:    Trog [*****.]
Gold:   547        SH:  0    Dex:  9    Spells: 9/9 levels left

rFire    . . .     SeeInvis .   L - +2 war axe (elec)
rCold    + . .     Gourm    .   (no shield)
rNeg     . . .     Faith    .   F - +0 plate armour
rPois    .         Spirit   .   (helmet restricted)
rElec    .         Reflect  .   D - +1 cloak of Joy {MR++}
rCorr    .         Harm     .   (no gloves)
MR       ++...     Clarity  +   (no boots)
Stlth    ..........             (no amulet)
HPRegen  0.24/turn              y - ring of protection from cold
MPRegen  0.11/turn              (no ring)

@: corroded
A: retaliatory headbutt, horns 2, clarity, sense surroundings 1, evolution 1,
MP-powered wands
a: Berserk, Trog's Hand, Brothers in Arms, Renounce Religion


You were on level 8 of the Dungeon.
You worshipped Trog.
Trog was extremely pleased with you.
You were not hungry.

You visited 1 branch of the dungeon, and saw 8 of its levels.

You collected 637 gold pieces.
You spent 90 gold pieces at shops.

Inventory:

Hand Weapons
 a - a +0 hand axe
 q - a +0 war axe
 L - a +2 war axe of electrocution (weapon)
Missiles
 i - 402 stones (quivered)
 p - 14 boomerangs
 C - 43 poisoned darts
 H - 2 curare-tipped darts
Armour
 b - a +0 animal skin
 h - a +0 chain mail
 D - the +1 cloak of Joy (worn) {MR++}
   (You found it on level 7 of the Dungeon)

   It affects your resistance to hostile enchantments.
 F - a +0 plate armour (worn)
Jewellery
 y - a ring of protection from cold (left hand)
Wands
 v - a wand of enslavement (8)
 B - a wand of iceblast (9)
 J - a wand of flame (22)
Scrolls
 e - a scroll of random uselessness
 f - a scroll of noise
 g - 5 scrolls of identify
 n - 3 scrolls of fog
 r - a scroll of blinking
 t - 2 scrolls of remove curse
 u - 2 scrolls of amnesia {unknown}
 w - a scroll of acquirement {unknown}
 E - a scroll of enchant weapon {unknown}
 G - 3 scrolls of fear {unknown}
 K - a scroll of teleportation
Potions
 d - a potion of cancellation {unknown}
 j - a potion of magic {unknown}
 k - a potion of heal wounds
 l - 4 potions of curing
 m - a potion of might
 o - 2 potions of flight {unknown}
 s - 2 potions of haste {unknown}
 x - a potion of degeneration {unknown}
 z - a potion of lignification {unknown}
 A - 2 potions of mutation
 I - a potion of stabbing {unknown}
Comestibles
 c - 4 rations


   Skills:
 + Level 7.6 Fighting
 * Level 13.9 Axes
 + Level 0.3 Throwing
 + Level 7.5 Armour
 + Level 3.7 Dodging


You had 9 spell levels left.
You didn't know any spells.
Your spell library was empty.

Dungeon Overview and Level Annotations

Branches:
Dungeon (8/15)             Temple (0/1) D:6
   Lair: D:8-11

Altars:
Makhleb
Sif Muna
Wu Jian
Xom
Zin
The Shining One

Annotations:
D:8 Pikel


Innate Abilities, Weirdness & Mutations

You reflexively headbutt those who attack you in melee.
You have a pair of horns on your head.
You possess an exceptional clarity of mind.
You passively map a small area around you.
You evolve.
You expend magic power (3 MP) to strengthen your wands.


Message History

The hippogriff barely misses you.
You slash the hippogriff!
The hippogriff is almost dead.
You slash the hippogriff!
You kill the hippogriff!
Trog accepts your kill.
Pikel the Slaver comes into view.
He is wielding a +2 whip of freezing and carrying a wand of acid (10).
Pikel shouts!
You hear a shout! x2
Pikel zaps a wand.
The bolt of acid hits you! The acid corrodes you!
You are splashed with acid!
Pikel zaps a wand.
The bolt of acid hits you! The acid corrodes you!
You are splashed with acid!
Found a stone staircase leading down.
A slave comes into view.
The slave shouts!
A slave comes into view. x3
Pikel zaps a wand.
The bolt of acid hits you!
* * * LOW HITPOINT WARNING * * *
The acid corrodes you!
You are splashed with acid!
You die...

, * ###.....†.........#
##.#..)).......# * #
##...#..)........##### .,#.
##..###.....)..........
#.#.###..........)............
#.........###.......).........
#.............................
,
#..........##.................
...###...#......@.............
#.....#..###.................
,
##...........................
, #.....#..#####..K......(....
#.....#...######............ ,
#............, ...... ,
##.....##..... *...p>. , ,
#<.)...#......


ppp... , ##...!......... ,, * You could see Pikel and 4 slaves.

Vanquished Creatures
  2 hippogriffs (D:8)
  A yak (D:8)
  Eustachio (D:5)
  Menkaure (D:6)
  2 water moccasins (D:8)
  2 ice beasts
  An orc warrior (D:7)
  A phantom (D:5)
  A centaur (D:7)
  3 ogres
  A crocodile (D:7)
  2 bullfrogs
  2 big kobolds
  3 scorpions
  2 water moccasin skeletons
  6 killer bees (D:8)
  5 howler monkeys
  4 crimson imps
  2 quasits (D:7)
  A bullfrog skeleton (D:7)
  A gnoll shaman (D:5)
  5 orc priests
  A hound (D:6)
  2 jellies (D:6)
  2 centaur skeletons
  4 iron imps
  4 iguanas (D:7)
  4 orc wizards
  5 worker ants
  2 hound skeletons (D:5)
  A howler monkey zombie (D:7)
  4 gnolls (D:5)
  13 adders
  3 shadow imps
  2 oozes
  An adder zombie (D:6)
  3 adder skeletons
  3 worms
  5 dart slugs
  8 leopard geckos
  32 orcs
  9 bats
  A bat skeleton (D:2)
  3 giant cockroaches
  2 goblins
  7 hobgoblins
  14 jackals
  A quokka (D:2)
  2 goblin skeletons (D:7)
  A goblin zombie (D:7)
  A jackal zombie (D:2)
  16 kobolds
  A kobold zombie (D:7)
  A leopard gecko skeleton (D:2)
  An orc skeleton (D:7)
  An orc zombie (D:7)
  2 quokka skeletons
  A quokka zombie (D:2)
  11 rats
  A fungus (D:2)
224 creatures vanquished.

Vanquished Creatures (collateral kills)
  An ogre (D:8)
  A crocodile (D:8)
  A big kobold (D:8)
  An orc (D:8)
  2 kobolds (D:8)
6 creatures vanquished.

Vanquished Creatures (others)
  A leopard gecko (D:1)
  3 toadstools (D:2)
4 creatures vanquished.

Grand Total: 234 creatures vanquished

Notes
Turn   | Place    | Note
-------+----------+-------------------------------------------
     0 | D:1      | miket3c the Minotaur Berserker began the quest for the Orb.
     0 | D:1      | Reached XP level 1. HP: 19/19 MP: 0/0
    77 | D:1      | Reached XP level 2. HP: 21/27 MP: 1/1
   165 | D:1      | Reached skill level 4 in Axes
   526 | D:1      | Reached XP level 3. HP: 22/33 MP: 2/2
   985 | D:2      | Reached ** piety under Trog
  1267 | D:2      | Reached skill level 5 in Axes
  1356 | D:2      | Reached XP level 4. HP: 28/41 MP: 3/3
  1842 | D:2      | Found a glowing silver altar of Zin.
  1856 | D:2      | Found Zin's Purification Station.
  1863 | D:2      | Bought a potion of curing for 90 gold pieces
  2465 | D:3      | Reached skill level 6 in Axes
  2465 | D:3      | Reached XP level 5. HP: 31/47 MP: 4/4
  2666 | D:3      | Found an ornate altar of the Wu Jian Council.
  2738 | D:3      | Reached *** piety under Trog
  3546 | D:4      | Reached skill level 7 in Axes
  3679 | D:4      | Found a burning altar of Makhleb.
  3691 | D:4      | Reached XP level 6. HP: 48/55 MP: 5/5
  3899 | D:4      | Reached skill level 5 in Fighting
  4034 | D:5      | Entered Level 5 of the Dungeon
  4050 | D:5      | Reached skill level 8 in Axes
  4181 | D:5      | Reached XP level 7. HP: 53/61 MP: 6/6
  4311 | D:5      | Reached skill level 9 in Axes
  4487 | D:5      | Reached **** piety under Trog
  4487 | D:5      | Reached XP level 8. HP: 21/69 MP: 7/7
  4820 | D:5      | Noticed Eustachio
  4829 | D:5      | Killed Eustachio
  4829 | D:5      | Reached skill level 10 in Axes
  4915 | D:5      | Found a shimmering blue altar of Sif Muna.
  5344 | D:6      | Reached skill level 5 in Armour
  5398 | D:6      | Noticed Menkaure
  5408 | D:6      | Killed Menkaure
  5408 | D:6      | Reached skill level 11 in Axes
  5509 | D:6      | Found a staircase to the Ecumenical Temple.
  6064 | D:7      | Found a glowing golden altar of the Shining One.
  6067 | D:7      | Got a faintly humming cloak
  6111 | D:7      | Identified the +1 cloak of Joy {MR++} (You found it on
                  | level 7 of the Dungeon)
  6426 | D:7      | Reached XP level 9. HP: 65/77 MP: 8/8
  6700 | D:7      | Reached skill level 12 in Axes
  6889 | D:7      | Found a shimmering altar of Xom.
  7130 | D:7      | Reached ***** piety under Trog
  7778 | D:8      | Reached skill level 13 in Axes
  8160 | D:7      | Gained mutation: You possess an exceptional clarity of
                  | mind. [potion of mutation]
  8160 | D:7      | Gained mutation: You evolve. [potion of mutation]
  8160 | D:7      | Gained mutation: You expend magic power (3 MP) to
                  | strengthen your wands. [potion of mutation]
  8160 | D:7      | Gained mutation: You passively map a small area around you.
                  | [potion of mutation]
  8573 | D:7      | Reached XP level 10. HP: 79/86 MP: 9/9
  8657 | D:8      | Noticed Pikel
  8663 | D:8      | Splashed by Pikel's acid

Illustrated notes

Levels and vault maps discovered:
D:1:      shiori_arrival_maze, layout_basic
D:2:      layout_basic, zin_purify, serial_undead, serial_undead_c,
          serial_undead_f, serial_undead_b, serial_undead_f,
          minmay_gold_behind_fungi
D:3:      layout_basic, old_standard_altar, kennysheep_nub
D:4:      layout_basic, demons_altar, serial_bayou, serial_bayou_pond_e,
          serial_bayou_pond_d, serial_bayou_crossing, serial_bayou_pond_d,
          serial_bayou_shore_b
D:5:      layout_basic, first_ration, lemuel_blue_sif_altar, uniq_eustachio
D:6:      layout_rooms, temple_pool_b, uniq_menkaure
D:7:      layout_gridville, kennysheep_mini_moat, nicolae_tso_besieged_by_evil
D:8:      layout_rooms, david_lair_generic, uniq_maggie, uniq_pikel

Skill      XL: |  1  2  3  4  5  6  7  8  9 |
---------------+----------------------------+-----
Axes           | 4 5 6 7 8 9 11 13 | 13.9
Fighting       | 4 5 6 7 |  7.6
Armour         | 3 4 6 7 |  7.5
Dodging        | 3 |  3.7
Throwing       | |  0.3

Action                   |  1- 3 |  4- 6 |  7- 9 | 10-12 || total
-------------------------+-------+-------+-------+-------++-------
Melee: Hand axe          |    76 |    68 |       |       ||   144
       Headbutt          |    13 |    29 |    43 |     1 ||    86
       War axe           |       |    75 |   288 |     6 ||   369
Throw: Stone             |       |       |     9 |       ||     9
Invok: Berserk           |       |       |     6 |       ||     6
       Trog's Hand       |       |       |     4 |       ||     4
       Brothers in Arms  |       |       |     1 |       ||     1
  Use: Scroll            |       |       |     9 |       ||     9
       Potion            |       |       |     5 |       ||     5
  Eat: Chunk             |     1 |     8 |     5 |       ||    14
       Ration            |       |     1 |     4 |     1 ||     6
Armor: Animal skin       |    18 |     6 |       |       ||    24
       Chain mail        |       |    37 |   145 |       ||   182
       Plate armour      |       |       |   124 |     4 ||   128
Dodge: Dodged            |    48 |    70 |   172 |     3 ||   293
